 Dungeon Crawl Stone Soup version 0.32-a0-558-g233958a4c4 (webtiles) character file.

Game seed: 17656945931314248739

11762 mopl the Toxicologist (level 11, -5/66 HPs)
             Began as an Octopode Alchemist on Mar 1, 2024.
             Was a Priest of Vehumet.
             Slain by a centaur warrior
             ... wielding a +0 war axe
              (17 damage)
             ... on level 10 of the Dungeon.
             The game lasted 00:31:18 (9876 turns).

mopl the Toxicologist (Octopode Alchemist)          Turns: 9876, Time: 00:31:24

Health: -5/66      AC:  1    Str:  8    XL:     11   Next: 82%
Magic:  9/23       EV: 20    Int: 21    God:    Vehumet [***...]
Gold:   643        SH:  0    Dex: 19    Spells: 6/26 levels left

rFire   . . .        a - staff of alchemy
rCold   . . .        g - orb {*channel}
rNeg    . . .        (helmet restricted)
rPois   +            (no amulet)
rElec   .            e - ring of wizardry
rCorr   .            p - +5 ring of evasion
SInv    .            z - +6 ring of dexterity
Will    .....        O - ring of poison resistance
Stlth   +++          (no ring)
HPRegen 0.31/turn    (no ring)
MPRegen 0.18/turn    (no ring)
                     (no ring)

%: wizardry (x1), channel magic (20%)
@: about to teleport
A: almost no armour, amphibious, 8 rings, camouflage 1, gelatinous body 1,
(nimble swimmer 1), tentacles
a: Renounce Religion


You were on level 10 of the Dungeon.
You worshipped Vehumet.
Vehumet was most pleased with you.
You visited 2 branches of the dungeon, and saw 11 of its levels.
You also visited: Ossuary.

You collected 643 gold pieces.

Inventory:

Hand Weapons
 b - a +1 dagger of electrocution
 F - a +4 dagger of venom
 J - a +7 spear
Missiles
 n - 5 boomerangs
 t - 5 atropa-tipped darts
 D - 8 poisoned darts
 H - a throwing net
 M - a curare-tipped dart
Armour
 g - an orb of energy (worn)
 Q - a +0 kite shield
Magical Staves
 a - a staff of alchemy (weapon)
Jewellery
 e - a ring of wizardry (left tentacle)
 p - a +5 ring of evasion (right tentacle)
 r - an amulet of faith {!P}
 z - a +6 ring of dexterity (on tentacle)
 E - an amulet of reflection
 O - a ring of poison resistance (on tentacle)
Wands
 l - a wand of mindburst (5)
 o - a wand of warping (13)
 C - a wand of light (7)
 I - a wand of flame (36)
 L - a wand of digging (3)
Scrolls
 f - 7 scrolls of identify
 k - 2 scrolls of teleportation
 m - 2 scrolls of revelation {unknown}
 q - a scroll of vulnerability {unknown}
 u - a scroll of enchant armour {unknown}
 v - 3 scrolls of poison
 A - 2 scrolls of enchant weapon {unknown}
 B - 2 scrolls of blinking {blink, unknown}
 G - 4 scrolls of fear {unknown}
 K - a scroll of fog {unknown}
 N - 2 scrolls of silence {unknown}
Potions
 c - 3 potions of brilliance {might, unknown}
 d - 4 potions of might {unknown}
 h - 2 potions of curing {curing, unknown}
 i - 2 potions of heal wounds
 j - 3 potions of lignification {unknown}
 s - 3 potions of mutation {unknown}
 w - a potion of haste {unknown}
 x - a potion of resistance
 y - 2 potions of magic
 P - 2 potions of ambrosia {unknown}


   Skills:
 + Level 2.8 Fighting
 + Level 4.7 Staves
 + Level 3.5 Dodging
 - Level 2.6 Stealth
 * Level 8.3 Spellcasting
 + Level 7.1 Conjurations
 - Level 5.0 Translocations
 * Level 6.9 Fire Magic
 * Level 10.0 Alchemy
 + Level 5.1 Evocations


You had 6 spell levels left.
You knew the following spells:

 Your Spells              Type           Power      Damage    Failure   Level
a - Sting                 Conj/Alch      100%       1d9       1%          1
b - Mercury Vapours       Alch/Air       88%        N/A       1%          2
c - Mephitic Cloud        Conj/Alch/Air  49%        N/A       1%          3
d - Sticky Flame          Fire/Alch      61%        2d10      1%          4
e - Blink                 Tloc           58%        N/A       2%          2
f - Iskenderun's Mystic   Conj/Tloc      34%        2d8       1%          4
o - Olgreb's Toxic Radia  Alch           67%        N/A       1%          4

Your spell library contained the following spells:

 Spells                   Type           Power      Damage    Failure   Level
 Stone Arrow              Conj/Erth      46%        3d9       1%          3
 Magic Dart               Conj           100%       1d8       1%          1
 Dazzling Flash           Conj/Hex       46%        N/A       1%          3
 Volatile Blastmotes      Fire/Tloc      66%        2d15      1%          3
 Fulminant Prism          Conj/Alch      30%        3d15      1%          4
 Eringya's Noxious Bog    Alch           33%        4d6       4%          6
 Yara's Violent Unravell  Hex/Alch       22%        3d10      6%          5
 Passage of Golubria      Tloc           29%        N/A       10%         4
 Call Imp                 Summ           16%        N/A       12%         2
 Jinxbite                 Hex            16%        N/A       12%         2
 Summon Forest            Summ/Tloc      9%         N/A       45%         5
 Curse of Agony           Necr           8%         N/A       77%         5
 Silence                  Hex/Air        4%         N/A       77%         5
 Enfeeble                 Hex            4%         N/A       100%        7
 Summon Hydra             Summ           4%         N/A       100%        7
 Lehudib's Crystal Spear  Conj/Erth      11%        10d4      100%        8


Dungeon Overview and Level Annotations

Branches:
Dungeon (10/15)            Temple (1/1) D:7            Lair (0/5) D:8
    Orc (0/2) D:9         Ossuary (visited)

Altars:
Ashenzari
Cheibriados
Dithmenos
Elyvilon
Fedhas
Gozag
Hepliaklqana
Kikubaaqudgha
Makhleb
Nemelex Xobeh
Okawaru
Qazlal
Ru
Sif Muna
Trog
Uskayaw
Vehumet
Wu Jian
Xom
Yredelemnul
Zin
The Shining One

Shops:
D:1 [   D:7 *

Annotations:
D:9 Erolcha
D:10 2 runed translucent doors


Innate Abilities, Weirdness & Mutations

You cannot wear most types of armour.
You are amphibious.
You can wear up to eight rings at the same time.
Your skin changes colour to match your surroundings (Stealth+).
Your rubbery body absorbs attacks. (AC +1, EV +1)
((You are camouflaged when in or above water. (Stealth+)))
You have tentacles for arms and can constrict up to eight enemies at once.


Message History

The centaur warrior kicks the centaur warrior but does no damage.
The centaur warrior is engulfed in noxious fumes.
Something closely misses you. Something bites you.
Something draws strength from your injuries!
A hell knight comes into view. It is wielding a +1 heavy demon whip.
The centaur warrior is engulfed in noxious fumes.
The centaur warrior appears confused.
Unknown command.
As you read the scroll labelled PEREIF FISCHE, it crumbles to dust.
You feel strangely unstable.
It was a scroll of teleportation.
The centaur warrior unwields a +0 war axe.
The centaur warrior wields a +0 shortbow.
The centaur warrior shoots an arrow.
The arrow hits you!
The centaur warrior is engulfed in noxious fumes.
The centaur warrior is engulfed in poison gas.
The centaur warrior looks even sicker.
You kill the centaur warrior!
Vehumet accepts your kill.
You feel your power returning. Something barely misses you.
Something bites you.
Something draws strength from your injuries!
The centaur warrior looks even sicker.
Your Alchemy skill increases to level 10!
Casting: Sticky Flame (dangerous; 1% risk of failure)
Confirm with . or Enter, or press ? or * to list all spells.
Aiming: Sticky Flame (dangerous; 1% risk of failure)
Press: ? - help, Shift-Dir - straight line You feel a surge of power!
Something closely misses you. Something bites you!
* * * LOW HITPOINT WARNING * * *
Something draws strength from your injuries!
The centaur warrior is engulfed in poison gas.
The centaur warrior looks as sick as possible!
The hell knight is engulfed in noxious fumes.
The hell knight appears confused.
The centaur warrior unwields a +0 shortbow.
The centaur warrior wields a +0 war axe.
The centaur warrior hits you with a +0 war axe!
You die...

#≈#§.......##...#≈≈#
#§#...
#§#§§§§§..##....#≈##
#≈##..
#§###§§☼..#....##≈#
#§#.. #
#§☼§§.#....##≈## #≈#..
##§§§##.....#≈≈###
≈#..
#§§§##.....###≈≈##≈#..
##§§§##......###§≈##..
#§§§##........####...
#§§§@####...[...))...
##c§c#≈§###......'.ß.
#§p.###≈≈###....[...
##§☼..###§≈##...'...
$§§§.# ###§##..#...
☼§§§§§'$ #§#..##..
§#§§☼§'.? #≈#..##..
§.§§§§☼§$$? # #..##..
..'....#$###§##..#...


You could see a hell knight (confused) and 2 centaur warriors.

Vanquished Creatures
  A centaur warrior (D:10)
  2 two-headed ogres
  Maurice (D:7)
  Joseph (D:7)
  2 trolls (D:9)
  2 wraiths
  2 vampires (D:10)
  2 wyverns
  5 fire bats (D:10)
  9 yaks
  A basilisk (D:8)
  2 acid dragons
  2 water moccasins
  5 orc warriors
  An ice beast (D:7)
  A sky beast (D:7)
  3 black bears
  An ogre (D:7)
  5 centaurs (D:10)
  A phantom (D:6)
  2 kobold brigands
  A weeping skull (Ossuary)
  3 elf zombies (Ossuary)
  2 scorpions
  A bullfrog (D:6)
  8 gnoll sergeants
  13 wights
  10 killer bees (D:8)
  3 centaur zombies (Ossuary)
  13 orc priests
  3 human zombies (Ossuary)
  2 hounds (D:6)
  A sleepcap (D:7)
  2 jellies
  Natasha (thrice) (D:2)
  3 gnoll boudas
  Ijyb (D:3)
  5 iguanas
  8 orc wizards
  A bullfrog simulacrum (Ossuary)
  3 mummies (Ossuary)
  8 adders
  22 gnolls
  A river rat (D:8)
  A shadow imp (D:5)
  A white imp (D:6)
  2 ufetubi (D:6)
  6 adder zombies (Ossuary)
  3 ribbon worms
  3 dart slugs
  33 orcs
  4 endoplasms
  3 goblins
  7 hobgoblins
  6 jackals (D:1)
  3 quokkas
  9 ball pythons
  3 ball python zombies (Ossuary)
  4 bats
  A frilled lizard (D:3)
  5 jackal zombies (Ossuary)
  18 kobolds
  4 kobold zombies (Ossuary)
  An orc zombie (Ossuary)
  4 rats
289 creatures vanquished.

Notes
Turn   | Place    | Note
-------+----------+-------------------------------------------
     0 | D:1      | mopl the Octopode Alchemist began the quest for the Orb.
     0 | D:1      | Reached XP level 1. HP: 11/11 MP: 3/3
   297 | D:1      | Reached XP level 2. HP: 16/17 MP: 0/5
   407 | D:1      | Found Mozaxom's Antique Armour Shop.
   546 | D:1      | Reached XP level 3. HP: 18/21 MP: 2/6
   643 | D:1      | Learned a level 2 spell: Mercury Vapours
  1049 | D:2      | Noticed Natasha
  1134 | D:2      | Killed Natasha
  1135 | D:2      | Reached skill level 2 in Conjurations
  1135 | D:2      | Reached skill level 4 in Alchemy
  1135 | D:2      | Reached XP level 4. HP: 17/27 MP: 4/8
  1312 | D:2      | Found a stormy altar of Qazlal.
  1379 | D:2      | Noticed Natasha
  1391 | D:2      | Killed Natasha
  1392 | D:2      | Reached skill level 3 in Spellcasting
  1434 | D:2      | Noticed Natasha
  1465 | D:2      | Killed Natasha
  1466 | D:2      | Reached XP level 5. HP: 24/31 MP: 5/9
  1471 | D:2      | Learned a level 4 spell: Olgreb's Toxic Radiance
  1856 | D:3      | Reached skill level 3 in Conjurations
  2036 | D:3      | Learned a level 3 spell: Mephitic Cloud
  2078 | D:3      | Noticed Ijyb
  2091 | D:3      | Killed Ijyb
  2092 | D:3      | Reached XP level 6. HP: 36/36 MP: 0/11
  2671 | D:4      | Found an ornate altar of the Wu Jian Council.
  2752 | D:4      | Reached skill level 5 in Alchemy
  2954 | D:4      | Learned a level 2 spell: Blink
  3009 | D:4      | Reached skill level 4 in Spellcasting
  3015 | D:4      | Found a shadowy altar of Dithmenos.
  3086 | D:4      | Reached skill level 1 in Translocations
  3086 | D:4      | Reached XP level 7. HP: 41/41 MP: 5/13
  3381 | D:4      | Reached skill level 4 in Conjurations
  3532 | D:5      | Entered Level 5 of the Dungeon
  3541 | D:5      | Found a sand-covered staircase.
  3554 | Ossuary  | Entered an ossuary
  3711 | Ossuary  | Reached skill level 2 in Translocations
  3750 | Ossuary  | Reached skill level 6 in Alchemy
  3905 | Ossuary  | Reached XP level 8. HP: 46/46 MP: 8/15
  3954 | Ossuary  | Reached skill level 5 in Spellcasting
  3954 | Ossuary  | Reached skill level 3 in Translocations
  4100 | D:5      | Found an ancient bone altar of Kikubaaqudgha.
  4170 | D:5      | Reached skill level 5 in Conjurations
  4257 | D:5      | Learned a level 4 spell: Sticky Flame
  4453 | D:5      | Reached skill level 1 in Fire Magic
  4767 | D:6      | Found a burning altar of Makhleb.
  4813 | D:6      | Found an iron altar of Okawaru.
  4836 | D:6      | Found a snail-covered altar of Cheibriados.
  5106 | D:6      | Reached skill level 1 in Staves
  5106 | D:6      | Reached skill level 2 in Fire Magic
  5106 | D:6      | Reached skill level 1 in Evocations
  5239 | D:6      | Reached skill level 4 in Translocations
  5239 | D:6      | Reached skill level 7 in Alchemy
  5239 | D:6      | Reached XP level 9. HP: 51/51 MP: 6/17
  5415 | D:6      | Found a glowing golden altar of the Shining One.
  5448 | D:6      | Found a shimmering blue altar of Sif Muna.
  5725 | D:6      | Noticed a two-headed ogre
  5765 | D:6      | Killed a two-headed ogre
  5766 | D:6      | Reached skill level 2 in Staves
  5766 | D:6      | Reached skill level 6 in Spellcasting
  5766 | D:6      | Reached skill level 3 in Fire Magic
  5766 | D:6      | Reached skill level 2 in Evocations
  5889 | D:6      | Learned a level 4 spell: Iskenderun's Mystic Blast
  6041 | D:7      | Noticed Joseph
  6050 | D:7      | Killed Joseph
  6051 | D:7      | Reached skill level 5 in Translocations
  6163 | D:7      | Reached skill level 4 in Fire Magic
  6163 | D:7      | Reached skill level 8 in Alchemy
  6163 | D:7      | Reached XP level 10. HP: 56/56 MP: 10/19
  6172 | D:7      | Reached skill level 6 in Conjurations
  6388 | D:7      | Found a staircase to the Ecumenical Temple.
  6397 | Temple   | Entered the Ecumenical Temple
  6410 | Temple   | Became a worshipper of Vehumet
  6455 | D:7      | Found a sacrificial altar of Ru.
  6545 | D:7      | Reached skill level 3 in Evocations
  6556 | D:7      | Found Nyerchei's Serpentskin Sales.
  6596 | D:7      | Reached skill level 3 in Staves
  6763 | D:7      | Found a hide-covered altar of Uskayaw.
  6798 | D:7      | Noticed Maurice
  6806 | D:7      | Maurice stole an amulet of reflection
  6807 | D:7      | Killed Maurice
  6808 | D:7      | Reached skill level 7 in Spellcasting
  7103 | D:7      | Reached * piety under Vehumet
  7103 | D:7      | Offered knowledge of Foxfire by Vehumet.
  7180 | D:7      | Identified the serpent talisman of the Shore {rElec Will-
                  | Int-5 Stlth+}
  7255 | D:7      | Reached skill level 5 in Fire Magic
  7511 | D:8      | Found a staircase to the Lair.
  7655 | D:8      | Reached ** piety under Vehumet
  7675 | D:8      | Offered knowledge of Sandblast by Vehumet.
  7965 | D:8      | Reached skill level 9 in Alchemy
  7970 | D:8      | Reached skill level 4 in Evocations
  8061 | D:9      | Found a staircase to the Orcish Mines.
  8073 | D:9      | Noticed Erolcha
  8130 | D:9      | Reached skill level 1 in Fighting
  8132 | D:9      | Reached skill level 4 in Staves
  8132 | D:9      | Reached XP level 11. HP: 55/63 MP: 14/22
  8241 | D:9      | Reached skill level 6 in Fire Magic
  8615 | D:9      | Noticed a two-headed ogre
  8636 | D:9      | Killed a two-headed ogre
  8877 | D:10     | Entered Level 10 of the Dungeon
  8878 | D:10     | Found a blossoming altar of Fedhas.
  8960 | D:10     | Reached skill level 2 in Fighting
  9062 | D:10     | Reached skill level 3 in Dodging
  9062 | D:10     | Reached skill level 8 in Spellcasting
  9189 | D:10     | Offered knowledge of Momentum Strike by Vehumet.
  9381 | D:10     | Found a large runed translucent door.
  9386 | D:10     | Found a large runed translucent door.
  9617 | D:10     | Reached skill level 7 in Conjurations
  9668 | D:10     | Reached *** piety under Vehumet
  9849 | D:10     | Reached skill level 5 in Evocations
  9867 | D:10     | Noticed a centaur warrior
  9869 | D:10     | Offered knowledge of Stone Arrow by Vehumet.
  9869 | D:10     | Noticed a centaur warrior
  9870 | D:10     | Noticed a centaur warrior
  9874 | D:10     | Noticed a hell knight
  9875 | D:10     | Killed a centaur warrior
  9876 | D:10     | Reached skill level 10 in Alchemy
  9876 | D:10     | Slain by a centaur warrior

Illustrated notes

Levels and vault maps discovered:
D:1:      dpeg_arrival_water_fire, layout_basic, serial_shops,
          nicolae_shop_window_shopping
D:2:      layout_rooms, basic_altar, uniq_natasha
D:3:      layout_basic, uniq_ijyb
D:4:      layout_loops_cross, nzn_wu_jian_council_hall, marbit_many_paths
D:5:      layout_loops_ring, mainiacjoe_overflow_brackets,
          nicolae_ossuary_entry_ruins
D:6:      layout_basic, okawaru_gym_becter, kennysheep_slug_shrine,
          makhleb_heckhound_becter, mainiacjoe_overflow_two_lobes,
          minmay_three_doors
D:7:      layout_basic, nicolae_ru_the_path_less_chosen,
          nicolae_uskayaw_dance_studio, minmay_temple_entry_drinking_statues,
          minmay_misc_feat_more_columns, guppyfry_shop_venom, uniq_joseph,
          uniq_maurice
D:8:      layout_rooms, dpeg_lair_monsters, eino_jars
D:9:      layout_big_octagon, uniq_erolcha
D:10:     regret_index_infernal_bastille, layout_irregular_city,
          fedhas_ov_isle_minmay, ebering_ghost_disaster_area,
          minmay_misc_feat_chi, hangedman_fish_farm
Temple:   nicolae_temple_ecumenical_triangle

Skill      XL: |  1  2  3  4  5  6  7  8  9 10 11 |
---------------+----------------------------------+-----
Conjurations   | 2 3 4 5 6 7 |  7.1
Alchemy        | 4 5 6 7 8 9 10 | 10.0
Spellcasting   | 3 4 5 6 7 8 |  8.3
Translocations | 1 2 4 5 |  5.0
Fire Magic     | 2 4 5 6 |  6.9
Staves         | 1 2 4 |  4.7
Evocations     | 1 2 4 5 |  5.1
Fighting       | 1 2 |  2.8
Dodging        | 3 |  3.5
Stealth        | |  2.6

Action                     |  1- 3 |  4- 6 |  7- 9 | 10-12 || total
---------------------------+-------+-------+-------+-------++-------
  Melee: Unarmed           |    25 |    17 |       |       ||    42
         Constrict         |    10 |     9 |    26 |    16 ||    61
         Tentacles         |     8 |     6 |    35 |    36 ||    85
         Dagger            |       |     4 |   130 |     3 ||   137
         Staff             |       |       |    18 |    81 ||    99
   Cast: Sting             |    40 |    51 |    92 |    53 ||   236
         Mercury Vapours   |       |     3 |    10 |     5 ||    18
         Olgreb's Toxic Ra |       |     8 |    14 |    58 ||    80
         Mephitic Cloud    |       |     1 |     2 |     5 ||     8
         Sticky Flame      |       |       |    12 |    24 ||    36
  Evoke: Wand              |       |       |     1 |    11 ||    12
    Use: Scroll            |       |     1 |       |     3 ||     4
         Potion            |       |       |     1 |     1 ||     2
   Stab: Sleeping          |     1 |       |     1 |     1 ||     3
         Confused          |       |       |       |     1 ||     1
 Armour: Skin              |     9 |    22 |    69 |    48 ||   148
  Dodge: Dodged            |    17 |    23 |   138 |    85 ||   263

Table legend: (Time is in decaauts)
 A = Elapsed time spent in this place.
 B = Non-inter-level travel time spent in this place.
 C = Inter-level travel time spent in this place.
 D = Time resting spent in this place.
 E = Time spent auto-exploring this place.
 F = Levels seen in this place.
 G = Mean time per level.
                   A        B        C        D        E       F      G
               +--------+--------+--------+--------+--------+-----+--------+
         Total |   9882 |   9558 |    324 |   1929 |   4846 |  12 |  823.5 |
       Dungeon |   9318 |   9007 |    311 |   1749 |   4819 |  10 |  931.8 |
        Temple |     26 |     13 |     13 |      0 |      0 |   1 |   26.0 |
       Ossuary |    537 |    537 |      0 |    180 |     27 |   1 |  537.0 |
               +--------+--------+--------+--------+--------+-----+--------+

Top non-repeatable levels by time:
     D:6: 1559 daAuts
     D:3: 1149 daAuts
     D:1: 1025 daAuts
     D:7: 1006 daAuts
    D:10: 993 daAuts
     D:8: 809 daAuts
     D:4: 800 daAuts
     D:9: 740 daAuts
     D:5: 675 daAuts
     D:2: 557 daAuts
 Ossuary: 537 daAuts
  Temple: 26 daAuts
